Map: [ESL] Goldenaura

Players

Firefly - Winner!

  • Race: Protoss Protoss
  • Spawn Location: 12:00

Jieshi

  • Race: Protoss Protoss
  • Spawn Location: 5:00

Event: ESL SC2 Masters 2024 Spring (Regional)

VOD

Have the link to the VOD?

Description

Time

  • Played on: April 25, 2024, 7:33 a.m.
  • Length: 5:58

All games in this series

Show
View Real Time Build Order
Export as new Build Order

Firefly Protoss - Winner!

Build Orders: Phoenix Opening, Colossus Rush 

Get SALT Encoding   

  12  0:00  Probe  
  13  0:12  Probe  
  14  0:17  Pylon  
  14  0:24  Probe  
  15  0:35  Gateway  
  15  0:38  Probe (Chrono Boost)  
  16  0:47  Probe (Chrono Boost)  
  16  0:48  Assimilator  
  17  0:52  Probe (Chrono Boost)  
  19  1:04  Probe (Chrono Boost)  
  19  1:05  Assimilator  
  19  1:09  Pylon  
  19  1:13  Probe (Chrono Boost)  
  20  1:18  Probe (Chrono Boost)  
  20  1:22  Cybernetics Core  
  21  1:30  Probe  
  24  1:44  Pylon  
  24  1:45  Probe  
  25  1:56  Nexus  
  25  1:59  Sentry  
  25  2:02  Warp Gate (Chrono Boost)  
  25  2:03  Probe  
  26  2:16  Pylon  
  26  2:17  Probe  
  27  2:24  Sentry  
  29  2:30  Phoenix  
  29  2:32  Gateway  
  29  2:39  Gateway  
  29  2:46  Shield Battery  
  29  2:48  Sentry  
  31  2:52  Probe  
  32  3:02  Pylon  
  32  3:04  Probe  
  33  3:11  Shield Battery  
  35  3:21  Gateway  
  35  3:22  Probe  
  35  3:27  Probe  
  35  3:37  Sentry, Stalker  
  35  3:40  Stalker  
  37  3:51  Probe x2  
  39  3:59  Colossus  
  39  4:02  Stalker x2  
  42  4:06  Sentry  
  42  4:08  Probe  
  45  4:10  Phoenix, Probe  
  45  4:15  Sentry  
  48  4:21  Probe  
  49  4:26  Stalker  
  51  4:31  Probe  
  51  4:34  Probe  
  53  4:42  Robotics Facility  
  53  4:43  Probe  
  54  4:46  Probe  
  55  4:55  Stalker  
  55  4:56  Probe  
  55  4:58  Probe  
  55  4:59  Assimilator  
  59  5:02  Stalker  
  61  5:08  Pylon, Probe  
  62  5:26  Observer (Chrono Boost), Probe x2  
  63  5:43  Probe  
  63  5:44  Probe  
Show
View Real Time Build Order
Export as new Build Order

Jieshi Protoss 

Build Orders: Oracle Opening, Dark Templar Rush 

Get SALT Encoding   

  12  0:00  Probe  
  13  0:13  Probe  
  14  0:17  Pylon  
  14  0:25  Probe (Chrono Boost)  
  15  0:37  Probe (Chrono Boost), Gateway  
  16  0:44  Probe (Chrono Boost)  
  16  0:46  Assimilator  
  17  0:51  Probe  
  17  0:57  Assimilator  
  18  1:03  Probe (Chrono Boost)  
  19  1:08  Gateway  
  19  1:13  Probe (Chrono Boost)  
  19  1:18  Probe (Chrono Boost)  
  21  1:25  Cybernetics Core  
  21  1:30  Probe  
  22  1:37  Pylon  
  22  1:42  Probe  
  23  1:55  Probe  
  24  2:02  Stargate  
  24  2:04  Adept  
  24  2:08  Warp Gate  
  26  2:13  Adept  
  27  2:39  Nexus  
  27  2:45  Oracle (Chrono Boost)  
  30  2:54  Pylon  
  30  2:58  Probe  
  31  3:08  Twilight Council  
  31  3:12  Probe  
  32  3:22  Pylon  
  32  3:24  Probe  
  33  3:36  Probe  
  30  3:48  Probe  
  30  3:49  Dark Shrine  
  31  3:56  Sentry  
  31  3:57  Stalker, Shield Battery  
  31  4:00  Probe  
  36  4:12  Gateway  
  36  4:14  Shield Battery  
  32  4:27  Gateway  
  31  4:34  Pylon  
  31  4:37  Pylon  
  31  4:42  Probe  
  32  4:54  Probe  
  33  5:02  Dark Templar  
  35  5:11  Dark Templar  
  35  5:13  Probe  
  38  5:25  Probe  
  39  5:33  Nexus  
  39  5:37  Probe  
Tags
 
Add a new tag
Caveats
  • Supply blocks, unpowered buildings, or Contaminate may cause inaccurate times.
  • Supply counts are checked every 10 seconds.